 Dungeon Sprint DCSS version 0.31.0-11-ge490571c62 (webtiles) character file.

Game seed: 3263589753102860052

844 boopmooplesden the Carver (level 7, -15/70 HPs)
             Began as an Armataur Berserker on Feb 1, 2024.
             Was a Priest of Trog.
             Demolished by a soul eater (24 damage)
             ... summoned by a kobold demonologist
             ... in the Dungeon (Sprint I: "Red Sonja").
             The game lasted 00:01:08 (512 turns).

boopmooplesden the Carver (Armataur Berserker)       Turns: 512, Time: 00:01:09

Health: -15/70     AC: -14   Str: 23      XL:     7   Next: 68%
Magic:  5/7        EV: 10    Int:  7      God:    Trog [***...]
Gold:   270        SH:  0    Dex:  9 (11) Spells: 6/6 levels left

rFire   . . .        a - +0 falchion
rCold   . . .        (no shield)
rNeg    . . .        j - +0 leather armour
rPois   .            (no helmet)
rElec   .            (no cloak)
rCorr   .            (no gloves)
SInv    .            (no barding)
Will    .....        (no amulet)
Stlth   +            (no ring)
HPRegen 0.31/turn    (no ring)
MPRegen 0.10/turn

%: no teleportation, roll
@: corroded, on berserk cooldown, slowed, very slow
A: large, deformed body, tough skin 3, armoured tail, roll 2
a: Renounce Religion, Berserk, Trog's Hand


You were in the Dungeon.
You worshipped Trog.
Trog was most pleased with you.
You visited 1 branch You collected 270 gold pieces.

Inventory:

Hand Weapons
 a - a +0 falchion (weapon)
Armour
 b - a +0 animal skin
 j - a +0 leather armour (worn)
Wands
 i - a wand of flame (30)
Scrolls
 h - a scroll of blinking
Potions
 c - a potion of curing
 e - a potion of haste
 f - 2 potions of magic
 g - a potion of berserk rage


   Skills:
 + Level 9.3 Fighting
 + Level 10.9 Long Blades
 + Level 6.5 Armour
 + Level 4.5 Dodging
 + Level 2.0 Stealth


You had 6 spell levels left.
You didn't know any spells.
Your spell library was empty.

Dungeon Overview and Level Annotations

Branches:
Dungeon (1/1)

Altars:
Makhleb
Xom
Jiyva
Lugonu


Innate Abilities, Weirdness & Mutations

Armour fits poorly on your strangely shaped body.
You have extremely tough skin. (AC +3)
You have a long armoured tail.
You regenerate magic and health when rolling toward enemies. (Rampage Regen)


Message History

You feel your power leaking away. The quasit attacks as it pursues you!
The quasit bites you. The quasit closely misses you. The quasit claws you.
The kobold demonologist gestures wildly while chanting.
The kobold demonologist hits you with a +0 dagger.
There is an open door, spattered with blood here.
You hit the kobold demonologist but do no damage.
The kobold demonologist is moderately wounded.
The quasit disappears in a puff of smoke!
The kobold demonologist hits you with a +0 dagger.
You barely miss the kobold demonologist.
Your tail-slap misses the kobold demonologist.
The kobold demonologist is moderately wounded.
The rust devil hits you. The rust devil corrodes you!
The kobold demonologist hits you with a +0 dagger.
You feel much better. The rust devil hits you! The rust devil corrodes you!
The neqoxec gestures at you. Something gnaws on your mind!
You feel your power leaking away. The shadow imp puffs mist at you.
The kobold demonologist misses you. The rust devil hits you.
The rust devil corrodes you!
You barely miss the kobold demonologist.
The kobold demonologist is moderately wounded.
The crimson imp blinks!
The kobold demonologist mumbles some strange words.
The rust devil hits you! The rust devil corrodes you!
You closely miss the kobold demonologist.
Your tail-slap misses the kobold demonologist.
The kobold demonologist is moderately wounded.
The kobold demonologist hits you with a +0 dagger.
* * * LOW HITPOINT WARNING * * *
The rust devil barely misses you. The soul eater barely misses you.
You hit the kobold demonologist but do no damage.
The kobold demonologist is moderately wounded.
The kobold demonologist closely misses you.
The rust devil hits you!
* * * LOW HITPOINT WARNING * * *
The rust devil corrodes you! The soul eater hits you!!
You die...

#####################
.)..#.)'..#__#.3@435#
.#..'..#..'..'..#K5.#
###'#####+#__####5..+
#..# #### ##### ####


You could see a soul eater (summoned), a rust devil (summoned), a kobold
demonologist, a neqoxec (summoned), a crimson imp (summoned), a shadow imp
(summoned) and an ufetubus (summoned).

Vanquished Creatures
  A kobold demonologist (D)
  A glass eye (D)
  A slime creature (D)
  Sigmund (D)
  An ogre (D)
  Ijyb (D)
6 creatures vanquished.

Notes
Turn   | Place    | Note
-------+----------+-------------------------------------------
     0 | D        | boopmooplesden the Armataur Berserker began the quest for
                  | the Orb.
     0 | D        | Reached XP level 1. HP: 18/18 MP: 1/1
     1 | D        | Noticed Ijyb
     9 | D        | Killed Ijyb
    10 | D        | Reached skill level 4 in Long Blades
    10 | D        | Reached XP level 2. HP: 27/27 MP: 2/2
   161 | D        | Noticed an ogre
   168 | D        | Killed an ogre
   169 | D        | Reached skill level 5 in Fighting
   169 | D        | Reached skill level 6 in Long Blades
   169 | D        | Reached XP level 3. HP: 22/37 MP: 3/3
   169 | D        | Reached XP level 4. HP: 27/44 MP: 4/4
   264 | D        | Noticed Sigmund
   269 | D        | Killed Sigmund
   269 | D        | Reached ** piety under Trog
   270 | D        | Reached skill level 7 in Long Blades
   270 | D        | Reached skill level 5 in Armour
   270 | D        | Reached XP level 5. HP: 52/52 MP: 5/5
   425 | D        | Found a burning altar of Makhleb.
   425 | D        | Found a viscous altar of Jiyva.
   425 | D        | Found a shimmering altar of Xom.
   425 | D        | Found a corrupted altar of Lugonu.
   425 | D        | Noticed a slime creature
   433 | D        | Killed a slime creature
   434 | D        | Reached skill level 9 in Long Blades
   434 | D        | Reached skill level 1 in Stealth
   434 | D        | Reached XP level 6. HP: 61/61 MP: 6/6
   479 | D        | Noticed a kobold demonologist
   481 | D        | Noticed a glass eye
   481 | D        | Noticed a kobold demonologist
   485 | D        | Noticed a hellwing
   489 | D        | Killed a glass eye
   490 | D        | Gained mutation: You regenerate magic and health when
                  | rolling toward enemies. (Rampage Regen) [Armataur growth]
   490 | D        | Reached XP level 7. HP: 69/69 MP: 7/7
   492 | D        | Noticed a smoke demon
   496 | D        | Noticed a ynoxinul
   500 | D        | Killed a kobold demonologist
   500 | D        | Reached *** piety under Trog
   501 | D        | Reached skill level 10 in Long Blades
   504 | D        | Noticed a rust devil
   505 | D        | Noticed a neqoxec
   511 | D        | Noticed a soul eater
   512 | D        | Demolished by a soul eater

Illustrated notes

Levels and vault maps discovered:
D:        dungeon_sprint_1 [red_sonja_temple_1, red_sonja_temple_small_1]

Skill      XL: |  1  2  3  4  5  6  7 |
---------------+----------------------+-----
Fighting       | 4 5 7 8 9 |  9.3
Long Blades    | 4 6 7 9 10 | 10.9
Armour         | 3 4 5 6 |  6.5
Dodging        | 2 3 4 |  4.5
Stealth        | 1 2 |  2.0

Action                     |  1- 3 |  4- 6 |  7- 9 || total
---------------------------+-------+-------+-------++-------
  Melee: Falchion          |    13 |    19 |    20 ||    52
         Tailslap          |     2 |     4 |     1 ||     7
 Invoke: Berserk           |     2 |     3 |       ||     5
    Use: Potion            |       |       |     1 ||     1
 Armour: Animal skin       |     3 |       |       ||     3
         Leather armour    |     1 |     4 |    37 ||    42
  Dodge: Dodged            |     3 |     7 |    23 ||    33
